 Dungeon Crawl Stone Soup version 0.27-a0-1612-gde56a17b89 (webtiles) character file.

Game seed: 11362684046574683491

23 Zeldest the Insei (level 2, -4/18 HPs)
             Began as an Octopode Transmuter on July 22, 2021.
             Slain by an adder (5 damage)
             ... on level 2 of the Dungeon.
             The game lasted 00:05:53 (923 turns).

Zeldest the Insei (Octopode Transmuter)              Turns: 923, Time: 00:05:54

Health: -4/18      AC:  1    Str:  9    XL:     2   Next: 95%
Magic:  2/5        EV: 13    Int: 15    God:
Gold:   42         SH:  0    Dex: 12    Spells: 3/5 levels left

rFire    . . .     SeeInvis .     - Unarmed
rCold    . . .     Faith    .   (no shield)
rNeg     . . .     Spirit   .   (helmet currently unavailable)
rPois    .         Reflect  .   (no amulet)
rElec    .         Harm     .   (no ring)
rCorr    .         Rampage  .   (no ring)
Will     .....                  (no ring)
Stlth    ++........             (no ring)
HPRegen  0.06/turn              (no ring)
MPRegen  0.09/turn              (no ring)
                                (no ring)
                                (no ring)

@: mighty, lethally poisoned (-4 -> -6), appendages, flying
A: tentacle spike 3, almost no armour, amphibious, 8 rings, camouflage 1,
gelatinous body 1, (nimble swimmer 1), tentacles
a: End Transformation


You were on level 2 of the Dungeon.
One of your tentacles had grown a beastly spike.
You visited 1 branch of the dungeon, and saw 2 of its levels.

You collected 42 gold pieces.

Inventory:

Missiles
 a - 16 poisoned darts (quivered)
Scrolls
 c - a scroll of magic mapping {unknown}
 d - a scroll of identify {unknown}
 f - a scroll of enchant armour {unknown}
 h - a scroll of holy word {unknown}
 i - a scroll of immolation {unknown}
Potions
 b - a potion of magic {unknown}
 e - a potion of curing {unknown}
 g - a potion of might


   Skills:
 + Level 1.3 Fighting
 + Level 2.2 Dodging
 * Level 3.3 Unarmed Combat
 - Level 2.0 Spellcasting
 * Level 2.5 Transmutations
 + Level 0.0 Poison Magic


You had 3 spell levels left.
You knew the following spells:

 Your Spells              Type           Power      Damage    Failure   Level
a - Beastly Appendage     Tmut           18%        N/A       8%          1
b - Sting                 Tmut/Pois      20%        1d4       13%         1

Your spell library contained the following spells:

 Spells                   Type           Power      Damage    Failure   Level
 Wereblood                Tmut           9%         N/A       12%         2
 Spider Form              Tmut/Pois      2%         N/A       36%         3
 Ice Form                 Ice/Tmut       5%         N/A       78%         4


Dungeon Overview and Level Annotations

Branches:
Dungeon (2/15)

Altars:

Shops:
D:1 (


Innate Abilities, Weirdness & Mutations

One of your tentacles has grown a beastly spike.
You cannot wear most types of armour.
You are amphibious.
You can wear up to eight rings at the same time.
Your skin changes colour to match your surroundings (Stealth+).
Your rubbery body absorbs attacks. (AC +1, EV +1)
((You are camouflaged near water. (Stealth+)))
You have tentacles for arms and can constrict up to eight enemies at once.


Message History

You are poisoned.
The adder poisons you!
You barely miss the adder. Your grab misses the adder.
Your squeeze misses the adder.
The adder is lightly wounded.
You feel sick. The adder completely misses you.
Sorry, you're not good enough to have a special ability.
Casting: Beastly Appendage (safe; 8% risk of failure)
Confirm with . or Enter, or press ? or * to list all spells.
One of your tentacles grows a vicious spike.
You feel sick. The adder bites you.
You are lethally poisoned!
The adder poisons you!
Casting: Beastly Appendage (safe; 8% risk of failure)
Confirm with . or Enter, or press ? or * to list all spells.
Aiming: Sting (safe; 13% risk of failure)
Press: ? - help, Shift-Dir - straight line, f - adder
Aim: an adder (lightly wounded, 48% to hit)
The sting misses the adder.
You feel sick. The adder closely misses you. The adder barely misses you.
Casting: Sting (safe; 13% risk of failure)
Confirm with . or Enter, or press ? or * to list all spells.
Aiming: Sting (safe; 13% risk of failure)
Press: ? - help, Shift-Dir - straight line, f/p - adder
Aim: an adder (lightly wounded, 48% to hit)
The sting hits the adder.
The adder is poisoned.
The adder is moderately wounded.
* * * LOW HITPOINT WARNING * * *
You feel sick. The adder bites you.
* * * LOW HITPOINT WARNING * * *
It was a potion of might.
You feel very mighty all of a sudden.
* * * LOW HITPOINT WARNING * * *
You feel sick. The adder barely misses you.
It was a potion of flight.
You feel very buoyant.
You fly up into the air.
* * * LOW HITPOINT WARNING * * *
You feel sick. The adder bites you.
You die...

### ... ..
#.#####
#$S@..#
#.###.# ..
#.#
##..###.#####
#..........#
#.####.....#
####.<#
#.#... #..#
.....
###..########


You could see an adder (poisoned).

Vanquished Creatures
  A ball python (D:1)
  A bat (D:1)
  An endoplasm (D:2)
  2 giant cockroaches
  2 goblins
  4 hobgoblins
  2 jackals (D:1)
  A kobold (D:1)
  A quokka (D:1)
  A frilled lizard (D:2)
  2 rats (D:1)
18 creatures vanquished.

Notes
Turn   | Place    | Note
-------+----------+-------------------------------------------
     0 | D:1      | Zeldest the Octopode Transmuter began the quest for the
                  | Orb.
     0 | D:1      | Reached XP level 1. HP: 13/13 MP: 3/3
   231 | D:1      | Reached XP level 2. HP: 4/18 MP: 0/5
   288 | D:1      | Found Qiboph's Antique Weapon Boutique.
   820 | D:2      | Found a faded altar of an unknown god.
   826 | D:2      | Got Plato's Incunabulum of Intoxication
   831 | D:2      | Learned a level 1 spell: Sting
   923 | D:2      | Slain by an adder

Illustrated notes

Levels and vault maps discovered:
D:1:      elethiomel_arrival_shortcut, layout_basic, serial_shops, shop
D:2:      layout_loops_ring, shapermc_ecumenical_altar_rom_forum, uniq_robin

Action                   || total
-------------------------++-------
Melee: Unarmed           ||    42
       Constrict         ||    13
       Kick              ||    10
       Tentacles         ||     5
       Punch             ||     1
Throw: Dart              ||     6
 Cast: Beastly Appendage ||    13
       Sting             ||     2
  Use: Potion            ||     2
 Stab: Sleeping          ||     2
Armor: Skin              ||     2
Dodge: Dodged            ||    26

Table legend: (Time is in decaauts)
 A = Elapsed time spent in this place.
 B = Non-inter-level travel time spent in this place.
 C = Inter-level travel time spent in this place.
 D = Time resting spent in this place.
 E = Time spent auto-exploring this place.
 F = Levels seen in this place.
 G = Mean time per level.
                   A        B        C        D        E       F      G
               +--------+--------+--------+--------+--------+-----+--------+
         Total |    919 |    919 |      0 |      0 |      0 |   2 |  459.5 |
       Dungeon |    919 |    919 |      0 |      0 |      0 |   2 |  459.5 |
               +--------+--------+--------+--------+--------+-----+--------+

Top non-repeatable levels by time:
     D:1: 547 daAuts
     D:2: 372 daAuts
